 Dungeon Crawl Stone Soup version 0.30-a0-965-g42e074c17a (webtiles) character file.

Game seed: 11717613233261675458

7565 GloriousHammer the Grappler (level 10, -1/102 HPs)
             Began as a Troll Fighter on Mar 30, 2023.
             Was a Believer of Wu Jian.
             Slain by a meliai
             ... wielding a +0 war axe
              (13 damage)
             ... on level 9 of the Dungeon.
             The game lasted 00:17:16 (8940 turns).

GloriousHammer the Grappler (Troll Fighter)         Turns: 8940, Time: 00:17:17

Health: -1/102     AC: 10    Str: 35    XL:     10   Next: 96%
Magic:  9/9        EV: 10    Int:  8    God:    Wu Jian [**....]
Gold:   452        SH: 10    Dex: 11    Spells: 9/9 levels left

rFire   . . .      SeeInvis .      - Unarmed
rCold   . . .      Faith    .    b - +0 kite shield
rNeg    + . .      Spirit   .    l - +0 steam dragon scales
rPois   +          Reflect  .    j - +2 hat "Deyxekui" {rN+ Str+3 Dex+2}
rElec   .          Rampage  .    D - +0 cloak {rPois}
rCorr   +                        (gloves unavailable)
Will    .....                    (boots unavailable)
Stlth   +                        (no amulet)
HPRegen 1.17/turn                R - ring of resist corrosion
MPRegen 0.11/turn                S - +6 ring of strength

@: no status effects
A: large, unfitting armour, claws 3, regeneration 1, shaggy fur 1, tough skin 1
a: Renounce Religion, Wall Jump


You were on level 9 of the Dungeon.
You worshipped Wu Jian.
Wu Jian was pleased with you.
You visited 2 branches of the dungeon, and saw 10 of its levels.

You collected 452 gold pieces.

Inventory:

Missiles
 g - 128 stones
 s - 26 poisoned darts (quivered)
 x - 4 throwing nets
Armour
 a - a +0 robe
 b - a +0 kite shield (worn)
 j - the +2 hat "Deyxekui" (worn) {rN+ Str+3 Dex+2}
   (You acquired it on level 8 of the Dungeon)

   Str:       It affects your strength (+3).
   Dex:       It affects your dexterity (+2).
   rN:        It protects you from negative energy.
 l - +0 steam dragon scales (worn)
 y - a scarf of harm
 D - a +0 cloak of poison resistance (worn)
Jewellery
 c - a ring of protection from cold
 C - a ring of ice
 N - a ring of positive energy
 R - a ring of resist corrosion (left claw)
 S - a +6 ring of strength (right claw)
Wands
 E - a wand of charming (4)
 G - a wand of polymorph (15)
Scrolls
 e - 2 scrolls of blinking
 f - 2 scrolls of fog {unknown}
 h - 3 scrolls of poison
 i - 2 scrolls of identify
 k - 2 scrolls of vulnerability {unknown}
 n - 6 scrolls of teleportation
 o - a scroll of immolation
 v - a scroll of enchant armour {unknown}
 B - 2 scrolls of amnesia {unknown}
 F - a scroll of torment {unknown}
 I - a scroll of magic mapping
Potions
 d - 5 potions of lignification
 p - 5 potions of magic
 q - 3 potions of haste
 r - a potion of brilliance {unknown}
 t - a potion of flight {unknown}
 u - a potion of heal wounds
 w - 3 potions of degeneration {unknown}
 z - a potion of invisibility {unknown}
 A - a potion of might
 H - a potion of attraction {unknown}


   Skills:
 + Level 7.2 Fighting
 + Level 5.2 Dodging
 + Level 7.9 Shields
 * Level 11.5 Unarmed Combat


You had 9 spell levels left.
You didn't know any spells.
Your spell library contained the following spells:

 Spells                   Type           Power      Damage    Failure   Level
 Foxfire                  Conj/Fire      0%         2x1d2     65%         1
 Shock                    Conj/Air       0%         1d3       65%         1
 Cigotuvi's Dreadful Rot  Necr/Pois/Air  0%         N/A       78%         2
 Poisonous Vapours        Pois/Air       0%         N/A       78%         2
 Sublimation of Blood     Necr           0%         N/A       78%         2
 Wereblood                Tmut           0%         N/A       78%         2
 Mephitic Cloud           Conj/Pois/Air  0%         N/A       95%         3
 Ozocubu's Armour         Ice            0%         N/A       95%         3
 Portal Projectile        Hex/Tloc       0%         N/A       95%         3
 Stone Arrow              Conj/Erth      0%         3d7       95%         3
 Swiftness                Air            0%         N/A       95%         3
 Tukima's Dance           Hex            0%         N/A       95%         3
 Airstrike                Air            0%         2d(0-16)  100%        4
 Animate Armour           Summ/Erth      0%         N/A       100%        4
 Passage of Golubria      Tloc           0%         N/A       100%        4
 Blade Hands              Tmut           0%         N/A       100%        5
 Fireball                 Conj/Fire      0%         3d3       100%        5
 Metabolic Englaciation   Hex/Ice        0%         N/A       100%        5
 Yara's Violent Unravell  Hex/Tmut       0%         3d3       100%        5
 Simulacrum               Ice/Necr       0%         N/A       100%        6
 Starburst                Conj/Fire      0%         6d3       100%        6
 Summon Hydra             Summ           0%         N/A       100%        7
 Lehudib's Crystal Spear  Conj/Erth      0%         10d2      100%        8


Dungeon Overview and Level Annotations

Branches:
Dungeon (9/15)             Temple (1/1) D:6
   Lair: D:8-11         Orc: D:9-12

Altars:
Ashenzari
Cheibriados
Dithmenos
Elyvilon
Fedhas
Gozag
Hepliaklqana
Kikubaaqudgha
Makhleb
Nemelex Xobeh
Okawaru
Ru
Sif Muna
Trog
Uskayaw
Vehumet
Wu Jian
Xom
Yredelemnul
Zin
The Shining One

Shops:
D:2 ([(   D:8 (

Annotations:
D:4 exclusion: downstairs
D:5 3 runed translucent doors, GigaChad's ghost, novice MiFi


Innate Abilities, Weirdness & Mutations

You are too large for most types of armour.
You have claws for hands.
Your natural rate of healing is unusually fast.
You are covered in fur. (AC +1)
You have tough skin. (AC +1)


Message History

You block the gnoll's attack.
Items here: ) [[ †.
You spin and attack the gnoll.
You scratch the gnoll.
The gnoll is moderately wounded.
The gnoll barely misses you.
Things that are here:
a +0 club; a throwing net You barely miss the gnoll.
The gnoll is moderately wounded.
A bullfrog comes into view.
You block the gnoll's attack.
You closely miss the gnoll.
The gnoll is moderately wounded.
You mangle the gnoll!!
You kill the gnoll!
The Council accepts your kill.
Things that are here:
a +0 spear; a gnoll corpse
Things that are here:
a +0 club; a throwing net You claw the bullfrog!
The bullfrog is heavily wounded.
The bullfrog hits you.
You scratch the bullfrog but do no damage.
The bullfrog is heavily wounded.
You block the bullfrog's attack.
You scratch the bullfrog.
The bullfrog is severely wounded.
You block the bullfrog's attack.
The bullfrog hits you but does no damage.
You closely miss the bullfrog.
The bullfrog is severely wounded.
The bullfrog hits you.
A bullfrog is nearby!
You mangle the bullfrog!!
You kill the bullfrog!
The Council accepts your kill.
x - 3 throwing nets (gained 1)
You see here a +0 club.
Items here: ) [[ †.
You see here a +0 flail.
x - 4 throwing nets (gained 1)
You see here a +0 flail.
Items here: ) [[ †.
Found a ring mail.
A meliai comes into view. It is wielding a +1 heavy hand axe.
A meliai is nearby!
A meliai comes into view. It is wielding a +0 war axe.
The meliai buzzes angrily.
You see here a +0 ring mail.
You miss the meliai.
The meliai calls down the wrath of its god upon you.
Something smites you! The meliai hits you with a +0 war axe!
The meliai stings you. The meliai misses you. The meliai stings you.
You hear an angry buzzing noise.
You closely miss the meliai. The meliai hits you with a +0 war axe.
The meliai stings you.
A meliai comes into view. It is wielding a +0 war axe.
You block the meliai's attack. The meliai barely misses you.
The meliai hits you with a +0 war axe! You block the meliai's attack.
You closely miss the meliai. The meliai hits you with a +0 war axe.
The meliai stings you but does no damage.
The meliai hits you with a +1 heavy hand axe!
* * * LOW HITPOINT WARNING * * *
The meliai misses you. You block the meliai's attack. The meliai stings you.
* * * LOW HITPOINT WARNING * * *
Blink to where?
Press: ? - help, Dir - move target
As you read the scroll of blinking, it crumbles to dust.
Found a chain mail.
You lunge at the meliai.
You eviscerate the meliai!!!
You kill the meliai!
The Council accepts your kill.
You barely miss the meliai. You block the meliai's attack.
The meliai closely misses you.
You closely miss the meliai. The meliai hits you with a +0 war axe!
* * * LOW HITPOINT WARNING * * *
You block the meliai's attack. The meliai hits you but does no damage.
The meliai stings you but does no damage.
The meliai hits you with a +0 war axe!
* * * LOW HITPOINT WARNING * * *
The meliai stings you!
* * * LOW HITPOINT WARNING * * *
You feel much better. The meliai hits you with a +0 war axe.
* * * LOW HITPOINT WARNING * * *
The meliai stings you.
* * * LOW HITPOINT WARNING * * *
The meliai hits you with a +0 war axe.
* * * LOW HITPOINT WARNING * * *
The meliai stings you!
* * * LOW HITPOINT WARNING * * *
The meliai closely misses you. The meliai barely misses you.
You block the meliai's attack. x2
You closely miss the meliai. The meliai hits you with a +0 war axe.
* * * LOW HITPOINT WARNING * * *
The meliai stings you but does no damage.
You block the meliai's attack.
The meliai stings you but does no damage.
The meliai hits you with a +0 war axe!
You die...

.....#...).)..#......
....##....)..#...~..
#[#..##.#)........~~ .
##.##....##..##......
#.##...##.#..##..#......
#.........##.......###.#
.## #.....#))##.#........#
.. #.....##))..##..######
#.##..#.#@y##.#..##.# #.. .
##....##.##y...##....# #..
..##....##...##)...##...#
#.)
........................#
#.. .
#....##...##....##...## #..
.. #....##y##....##.....#
#..
#..#.##..#.#..##.#..##..#
#..
....##.....##....##...###..
#.
#..#y....#..##.#....)####


You could see 2 meliai.

Vanquished Creatures
  Maggie (D:6)
  A meliai (D:9)
  Grinder (D:5)
  Prince Ribbit (D:9)
  2 shadows (D:9)
  Sigmund (D:4)
  A wraith (D:9)
  A vampire (D:9)
  10 yaks
  Eustachio (D:6)
  2 steam dragons
  Grum (D:8)
  2 water moccasins
  Edmund (D:5)
  2 ice beasts
  A black bear (D:4)
  An ogre (D:6)
  6 centaurs
  3 wolves (D:8)
  3 phantoms
  A kobold brigand (D:9)
  5 bullfrogs
  6 scorpions
  2 gnoll sergeants
  7 wights
  4 killer bees
  A bullfrog zombie (D:4)
  An orc priest (D:6)
  2 jellies
  A hound (D:4)
  2 gnoll boudas
  3 iguanas
  2 sleepcaps (D:5)
  A scorpion zombie (D:4)
  Ijyb (D:5)
  Natasha (thrice) (D:2)
  4 orc wizards
  A hound zombie (D:4)
  18 gnolls
  10 adders
  2 shadow imps (D:7)
  2 white imps
  An ufetubus (D:6)
  An adder zombie (D:4)
  3 worms
  4 dart slugs
  10 orcs
  9 ball pythons
  4 bats
  9 endoplasms
  5 giant cockroaches
  8 goblins
  10 hobgoblins
  7 jackals
  3 quokkas
  A frilled lizard (D:1)
  A jackal zombie (D:4)
  14 kobolds
  3 rats
214 creatures vanquished.

Notes
Turn   | Place    | Note
-------+----------+-------------------------------------------
     0 | D:1      | GloriousHammer the Troll Fighter began the quest for the
                  | Orb.
     0 | D:1      | Reached XP level 1. HP: 22/22 MP: 0/0
    96 | D:1      | Reached XP level 2. HP: 29/29 MP: 1/1
   447 | D:1      | Reached XP level 3. HP: 36/36 MP: 2/2
   618 | D:2      | Found Zugas's Weapon Shop.
   664 | D:2      | Reached skill level 3 in Unarmed Combat
   681 | D:2      | Noticed Natasha
   695 | D:2      | Killed Natasha
   696 | D:2      | Reached XP level 4. HP: 44/44 MP: 3/3
   716 | D:2      | Noticed Natasha
   721 | D:2      | Killed Natasha
   748 | D:2      | Noticed Natasha
   754 | D:2      | Killed Natasha
   819 | D:2      | Found Qauwkual's Antique Weapon Shoppe.
   891 | D:2      | Reached XP level 5. HP: 53/53 MP: 4/4
   902 | D:2      | Found Rudaraer's Antique Armour Shop.
  1011 | D:2      | Reached skill level 4 in Unarmed Combat
  1301 | D:2      | Found a shimmering altar of Xom.
  2004 | D:3      | Found a bloodstained altar of Trog.
  2005 | D:3      | Found a glowing golden altar of the Shining One.
  2010 | D:3      | Found a blossoming altar of Fedhas.
  2011 | D:3      | Found a sacrificial altar of Ru.
  2011 | D:3      | Found a burning altar of Makhleb.
  2535 | D:4      | Noticed Sigmund
  2549 | D:4      | Reached XP level 6. HP: 41/61 MP: 5/5
  2559 | D:4      | Killed Sigmund
  2560 | D:4      | Reached skill level 5 in Unarmed Combat
  2863 | D:4      | Found a snail-covered altar of Cheibriados.
  2898 | D:4      | Reached XP level 7. HP: 65/68 MP: 6/6
  2934 | D:4      | Found a basalt altar of Yredelemnul.
  3113 | D:5      | Entered Level 5 of the Dungeon
  3365 | D:5      | Reached skill level 6 in Unarmed Combat
  3686 | D:5      | Noticed Grinder
  3696 | D:5      | Paralysed by Grinder for 3 turns
  3701 | D:5      | Killed Grinder
  3702 | D:5      | Reached skill level 5 in Shields
  3984 | D:5      | Noticed Edmund
  3998 | D:5      | Killed Edmund
  3999 | D:5      | Reached skill level 7 in Unarmed Combat
  3999 | D:5      | Reached XP level 8. HP: 55/79 MP: 7/7
  4124 | D:5      | Identified the +9 mace "Koss" {holy, Dex+3}
  4553 | D:5      | Found a runed translucent gate.
  4564 | D:5      | Found a runed translucent gate.
  4565 | D:5      | Found a runed translucent gate.
  4567 | D:5      | Noticed GigaChad's ghost (novice MiFi)
  4567 | D:5      | Noticed Ijyb
  4579 | D:5      | Killed Ijyb
  4946 | D:6      | Reached skill level 5 in Fighting
  4974 | D:6      | Noticed Eustachio
  4987 | D:6      | Reached skill level 8 in Unarmed Combat
  5007 | D:6      | Killed Eustachio
  5046 | D:6      | Reached XP level 9. HP: 86/88 MP: 8/8
  5055 | D:6      | Found a staircase to the Ecumenical Temple.
  5073 | D:6      | Noticed Maggie
  5082 | D:6      | Killed Maggie
  5297 | D:6      | Reached skill level 9 in Unarmed Combat
  5658 | Temple   | Entered the Ecumenical Temple
  5725 | Temple   | Became a worshipper of the Wu Jian Council
  6523 | D:7      | Identified the +1 whip of Skirmishing {venom, Dex+3}
  6595 | D:7      | Reached * piety under Wu Jian
  6596 | D:7      | Reached skill level 10 in Unarmed Combat
  7209 | D:8      | Identified a scroll of acquirement
  7222 | D:8      | Acquired the +2 hat "Deyxekui" {rN+ Str+3 Dex+2}
  7240 | D:8      | Noticed Grum
  7247 | D:8      | Killed Grum
  7248 | D:8      | Reached XP level 10. HP: 72/100 MP: 9/9
  7652 | D:8      | Found Emoh's Antique Weapon Shop.
  8073 | D:9      | Noticed Prince Ribbit
  8090 | D:9      | Killed Prince Ribbit
  8172 | D:9      | Reached skill level 11 in Unarmed Combat
  8186 | D:9      | Reached ** piety under Wu Jian
  8267 | D:9      | Reached skill level 5 in Dodging
  8940 | D:9      | Slain by a meliai

Illustrated notes

Levels and vault maps discovered:
D:1:      elethiomel_arrival_infinity_welcomes_careful_drivers, layout_basic,
          corexii_item_surrounded_by_moat
D:2:      layout_basic, serial_shops, nicolae_shop_behind_doors, shop,
          nicolae_shop_hallway_stairs, basic_altar, skrybe_limestone_x,
          solitary_fountain, nrook_mini_backslash, hex_medium,
          minmay_heptomino_o4, uniq_natasha
D:3:      layout_basic, grunt_temple_overflow_open, grunt_decor_fettered,
          minmay_fractal_squares_5
D:4:      layout_basic, slow_altar_2, nicolae_yredelemnul_corpse_copse,
          uniq_sigmund
D:5:      layout_gridville, gammafunk_ghost_nasty_kobolds,
          minmay_misc_feat_diagonals, uniq_ijyb, uniq_edmund, uniq_grinder
D:6:      layout_basic, temple_pool_b, patterned_corridor, uniq_maggie,
          uniq_eustachio
D:7:      layout_basic, dreamdust_princess_bridge, minmay_starry_boxes
D:8:      layout_loops_ring, serial_shops, nicolae_shop_crystal, uniq_grum
D:9:      layout_basic, nicolae_wwwww, uniq_prince_ribbit1
Temple:   zaba_magenta_temple

Skill      XL: |  1  2  3  4  5  6  7  8  9 10 |
---------------+-------------------------------+-----
Shields        | 3 4 5 6 7 |  7.9
Unarmed Combat | 3 4 5 7 8 10 11 | 11.5
Fighting       | 3 4 5 6 7 |  7.2
Dodging        | 3 5 |  5.2

Action                     |  1- 3 |  4- 6 |  7- 9 | 10-12 || total
---------------------------+-------+-------+-------+-------++-------
  Melee: Unarmed           |    83 |   157 |   259 |   203 ||   702
  Throw: Stone             |       |     4 |       |       ||     4
         Dart              |       |       |     1 |       ||     1
Ability: Lunge             |       |       |    10 |    12 ||    22
         Whirlwind         |       |       |     2 |    29 ||    31
    Use: Scroll            |       |     3 |    10 |     1 ||    14
         Potion            |       |       |       |     4 ||     4
 Armour: Robe              |    29 |    49 |    38 |       ||   116
         Steam dragon scal |       |       |    27 |    61 ||    88
  Dodge: Dodged            |    31 |    58 |    64 |    72 ||   225
  Block: Kite shield       |    41 |    55 |   109 |    79 ||   284

Table legend: (Time is in decaauts)
 A = Elapsed time spent in this place.
 B = Non-inter-level travel time spent in this place.
 C = Inter-level travel time spent in this place.
 D = Time resting spent in this place.
 E = Time spent auto-exploring this place.
 F = Levels seen in this place.
 G = Mean time per level.
                   A        B        C        D        E       F      G
               +--------+--------+--------+--------+--------+-----+--------+
         Total |   8945 |   8609 |    336 |   1855 |   5033 |  10 |  894.5 |
       Dungeon |   8824 |   8488 |    336 |   1855 |   4960 |   9 |  980.4 |
        Temple |    120 |    120 |      0 |      0 |     73 |   1 |  120.0 |
               +--------+--------+--------+--------+--------+-----+--------+

Top non-repeatable levels by time:
     D:5: 1516 daAuts
     D:6: 1226 daAuts
     D:7: 1073 daAuts
     D:3: 955 daAuts
     D:2: 923 daAuts
     D:9: 888 daAuts
     D:8: 838 daAuts
     D:4: 778 daAuts
     D:1: 623 daAuts
  Temple: 120 daAuts
